| TOP OF THE 1ST |
|
Orem Owlz batting - Pitching for Great Falls Voyagers : RHP Dusty Haberstroh
|
|
Pitching: RHP Dusty Haberstroh
|
|
|
Batting: RHB Brian Spry
|
0-0: Ball 1-0: Foul Ball, location: 2F 1-1: Ball 2-1: Called Strike 2-2: Ball 3-2: Ground out 5-3 (Groundball, 56, EV 101.2 MPH)
|
|
Batting: LHB Bill Girton
|
0-0: Ground out 4-3 (Groundball, 34D, EV 95.6 MPH)
|
|
Batting: SHB Manuel Martinez
|
0-0: Ball 1-0: Ball 2-0: Called Strike 2-1: SINGLE (Groundball, 4MD, EV 93.8 MPH)
|
|
Batting: RHB Shawn Jansen
|
0-0: Foul Ball, location: 2F 0-1: SINGLE (Groundball, 25, EV 68.1 MPH) (infield hit) Manuel Martinez to second
|
|
Batting: LHB Kevin Feldman
|
0-0: Ball 1-0: Called Strike 1-1: Foul Ball, location: 2F 1-2: Ball 2-2: Strikes out looking
|
| Top of the 1st over - 0 runs, 2 hits, 0 errors, 2 left on base; Orem 0 - Great Falls 0 |
| BOTTOM OF THE 1ST |
|
Great Falls Voyagers batting - Pitching for Orem Owlz : LHP Tanner Scarlett
|
|
Pitching: LHP Tanner Scarlett
|
|
|
Batting: RHB Andy Cotton
|
0-0: Swinging Strike 0-1: Foul Ball, location: 2F 0-2: Ground out 6-3 (Groundball, 6, EV 105.0 MPH)
|
|
Batting: RHB Enrique Gomez
|
0-0: Ball 1-0: Ball 2-0: Swinging Strike 2-1: Ground out 5-3 (Groundball, 56, EV 83.1 MPH)
|
|
Batting: RHB Russ Cornett
|
0-0: Ball 1-0: Ball 2-0: Ball 3-0: Base on Balls
|
|
Batting: RHB Billy Grubbs
|
0-0: Ball 1-0: Called Strike 1-1: Ball 2-1: Called Strike 2-2: DOUBLE (Groundball, 5L, EV 109.4 MPH) Russ Cornett to third
|
|
Batting: RHB Jake Feinstein
|
0-0: Called Strike 0-1: Foul Ball, location: 2F 0-2: Ball 1-2: Strikes out swinging
|
| Bottom of the 1st over - 0 runs, 1 hit, 0 errors, 2 left on base; Orem 0 - Great Falls 0 |
| TOP OF THE 2ND |
|
Orem Owlz batting - Pitching for Great Falls Voyagers : RHP Dusty Haberstroh
|
|
Batting: RHB Brendan Garoutte
|
0-0: Swinging Strike 0-1: Ball 1-1: Ground out 4-3 (Groundball, 4, EV 84.4 MPH)
|
|
Batting: RHB Fernando Sosa
|
0-0: Ball 1-0: Ball 2-0: Ball 3-0: Called Strike 3-1: Foul Ball, location: 2F 3-2: Base on Balls
|
|
Batting: RHB Carlos Gonzales
|
0-0: Ball 1-0: Fly out, F7 (Flyball, 78S, EV 80.6 MPH)
|
|
Batting: RHB Steve Neely
|
0-0: Called Strike 0-1: Fly out, F9 (Flyball, 9LM, EV 78.8 MPH)
|
| Top of the 2nd over - 0 runs, 0 hits, 0 errors, 1 left on base; Orem 0 - Great Falls 0 |
| BOTTOM OF THE 2ND |
|
Great Falls Voyagers batting - Pitching for Orem Owlz : LHP Tanner Scarlett
|
|
Batting: RHB Francisco Marin
|
0-0: Ball 1-0: Ball 2-0: Ball 3-0: Called Strike 3-1: SINGLE (Line Drive, 56D, EV 100.6 MPH)
|
|
Batting: RHB Brad Adams Jr.
|
0-0: Foul Ball, location: 2F 0-1: Foul Ball, location: 2F 0-2: Ball 1-2: Fielders Choice at 2nd, 5-4 (Groundball, 56, EV 78.1 MPH)
|
|
Batting: RHB David Cortez
|
0-0: Swinging Strike 0-1: Swinging Strike 0-2: Ball 1-2: Ball 2-2: Foul Ball, location: 2F 2-2: Strikes out swinging
|
|
Batting: RHB Dave Dominguez
|
0-0: Ball 1-0: Swinging Strike 1-1: Foul Ball, location: 2F 1-2: Ball 2-2: Ball 3-2: Foul Ball, location: 2F 3-2: Foul Ball, location: 2F 3-2: Fly out, F9 (Flyball, 9LM, EV 91.2 MPH)
|
| Bottom of the 2nd over - 0 runs, 1 hit, 0 errors, 1 left on base; Orem 0 - Great Falls 0 |
| TOP OF THE 3RD |
|
Orem Owlz batting - Pitching for Great Falls Voyagers : RHP Dusty Haberstroh
|
|
Batting: RHB Brian Spry
|
0-0: Ball 1-0: Called Strike 1-1: Ball 2-1: Ball 3-1: Base on Balls
|
|
Batting: LHB Bill Girton
|
0-0: Ball 1-0: Ball Brian Spry is caught stealing 2nd base 2-6 2-0: Ball 3-0: Called Strike 3-1: Base on Balls
|
|
Batting: SHB Manuel Martinez
|
0-0: Ball 1-0: Called Strike 1-1: Swinging Strike 1-2: Ball 2-2: Fielders Choice at 2nd, 5-4 (Groundball, 5, EV 92.5 MPH)
|
|
Batting: RHB Shawn Jansen
|
0-0: Swinging Strike 0-1: Ball 1-1: Ball Manuel Martinez is caught stealing 2nd base 2-4
|
| Top of the 3rd over - 0 runs, 0 hits, 0 errors, 0 left on base; Orem 0 - Great Falls 0 |
| BOTTOM OF THE 3RD |
|
Great Falls Voyagers batting - Pitching for Orem Owlz : LHP Tanner Scarlett
|
|
Batting: RHB Andy Cotton
|
0-0: Foul Ball, location: 2F 0-1: Called Strike 0-2: Ball 1-2: Hit by Pitch
|
|
Batting: RHB Enrique Gomez
|
0-0: Ball Andy Cotton is caught stealing 2nd base 2-4 1-0: Ball 2-0: Called Strike 2-1: SOLO HOME RUN (Flyball, 7D, EV 95.0 MPH), Distance : 379 ft
|
|
Batting: RHB Russ Cornett
|
0-0: Swinging Strike 0-1: Ball 1-1: Ball 2-1: Ball 3-1: Base on Balls
|
|
Batting: RHB Billy Grubbs
|
0-0: Called Strike Russ Cornett steals 2nd base 0-1: Called Strike 0-2: Ball 1-2: Strikes out swinging
|
|
Batting: RHB Jake Feinstein
|
0-0: Ball 1-0: Called Strike 1-1: Foul Ball, location: 2F 1-2: Ball 2-2: Foul Ball, location: 2F 2-2: Strikes out swinging
|
| Bottom of the 3rd over - 1 run, 1 hit, 0 errors, 1 left on base; Orem 0 - Great Falls 1 |
| TOP OF THE 4TH |
|
Orem Owlz batting - Pitching for Great Falls Voyagers : RHP Dusty Haberstroh
|
|
Batting: RHB Shawn Jansen
|
0-0: Ball 1-0: Called Strike 1-1: Ball 2-1: Ball 3-1: Fly out, F8 (Flyball, 8LD, EV 98.8 MPH)
|
|
Batting: LHB Kevin Feldman
|
0-0: Ball 1-0: Foul Ball, location: 2F 1-1: Swinging Strike 1-2: Ball 2-2: Ball 3-2: Ground out U3 (Groundball, 34S, EV 93.1 MPH)
|
|
Batting: RHB Brendan Garoutte
|
0-0: Called Strike 0-1: SINGLE (Groundball, 56, EV 82.5 MPH) (infield hit)
|
|
Batting: RHB Fernando Sosa
|
0-0: Swinging Strike 0-1: Called Strike 0-2: Strikes out swinging
|
| Top of the 4th over - 0 runs, 1 hit, 0 errors, 1 left on base; Orem 0 - Great Falls 1 |
| BOTTOM OF THE 4TH |
|
Great Falls Voyagers batting - Pitching for Orem Owlz : LHP Tanner Scarlett
|
|
Batting: RHB Francisco Marin
|
0-0: Called Strike 0-1: Foul Ball, location: 2F 0-2: Ball 1-2: Strikes out swinging
|
|
Batting: RHB Brad Adams Jr.
|
0-0: Ball 1-0: SOLO HOME RUN (Flyball, 9LD, EV 95.6 MPH), Distance : 368 ft
|
|
Batting: RHB David Cortez
|
0-0: Called Strike 0-1: Ball 1-1: Fly out, F9 (Flyball, 9D, EV 96.2 MPH)
|
|
Batting: RHB Dave Dominguez
|
0-0: Called Strike 0-1: Ground out 4-3 (Groundball, 4, EV 82.5 MPH)
|
| Bottom of the 4th over - 1 run, 1 hit, 0 errors, 0 left on base; Orem 0 - Great Falls 2 |
| TOP OF THE 5TH |
|
Orem Owlz batting - Pitching for Great Falls Voyagers : RHP Dusty Haberstroh
|
|
Batting: RHB Carlos Gonzales
|
0-0: Ball 1-0: Called Strike 1-1: Ball 2-1: Ball 3-1: Foul Ball, location: 2F 3-2: Foul Ball, location: 2F 3-2: Base on Balls
|
|
Batting: RHB Steve Neely
|
0-0: Fly out, F9 (Line Drive, 9D, EV 105.6 MPH)
|
|
Batting: RHB Brian Spry
|
0-0: Called Strike 0-1: Ball 1-1: Ground out 5-3 (Groundball, 56S, EV 68.1 MPH) Carlos Gonzales to second
|
|
Batting: LHB Bill Girton
|
0-0: Foul Ball, location: 2F 0-1: Ball 1-1: 2-RUN HOME RUN (Flyball, 9D, EV 98.8 MPH), Distance : 376 ft
|
|
Batting: SHB Manuel Martinez
|
0-0: Called Strike 0-1: Foul Ball, location: 2F 0-2: Ball 1-2: Fly out, F8 (Flyball, 78M, EV 85.0 MPH)
|
| Top of the 5th over - 2 runs, 1 hit, 0 errors, 0 left on base; Orem 2 - Great Falls 2 |
| BOTTOM OF THE 5TH |
|
Great Falls Voyagers batting - Pitching for Orem Owlz : LHP Tanner Scarlett
|
|
Batting: RHB Andy Cotton
|
0-0: Ball 1-0: Ball 2-0: Called Strike 2-1: Called Strike 2-2: Foul Ball, location: 2F 2-2: Ball 3-2: SINGLE (Groundball, 56S, EV 71.2 MPH) (infield hit)
|
|
Batting: RHB Enrique Gomez
|
0-0: Ball 1-0: Foul Ball, location: 2F 1-1: Ball 2-1: Swinging Strike 2-2: Strikes out swinging
|
|
Batting: RHB Russ Cornett
|
0-0: Ball 1-0: Swinging Strike 1-1: Called Strike 1-2: Ball 2-2: Ball Wild Pitch! Andy Cotton to second 3-2: Base on Balls
|
|
Pitching: LHP Yee Koh
|
|
|
Batting: RHB Billy Grubbs
|
0-0: Called Strike 0-1: Ball 1-1: Ball 2-1: 3-RUN HOME RUN (Flyball, 7D, EV 101.2 MPH), Distance : 386 ft
|
|
Batting: RHB Jake Feinstein
|
0-0: Ball 1-0: Ball 2-0: Foul Ball, location: 2F 2-1: Called Strike 2-2: Ball 3-2: Strikes out looking
|
|
Batting: RHB Francisco Marin
|
0-0: Ball 1-0: Foul Ball, location: 2F 1-1: Foul Ball, location: 2F 1-2: Strikes out swinging
|
| Bottom of the 5th over - 3 runs, 2 hits, 0 errors, 0 left on base; Orem 2 - Great Falls 5 |
| TOP OF THE 6TH |
|
Orem Owlz batting - Pitching for Great Falls Voyagers : RHP Dusty Haberstroh
|
|
Batting: RHB Shawn Jansen
|
0-0: Ball 1-0: Ball 2-0: Foul Ball, location: 2F 2-1: Fly out, F8 (Flyball, 78D, EV 102.5 MPH)
|
|
Pitching: LHP Humberto Carrera
|
|
|
Pinch Hitting: RHB Fred Saxton
|
0-0: Called Strike 0-1: Foul Ball, location: 2F 0-2: Ball 1-2: Ball 2-2: Ball 3-2: DOUBLE (Line Drive, 5D, EV 97.5 MPH)
|
|
Batting: RHB Brendan Garoutte
|
0-0: Ball 1-0: Ball 2-0: Foul Ball, location: 2F 2-1: Ball 3-1: Swinging Strike 3-2: Foul Ball, location: 2F 3-2: Foul Ball, location: 2F 3-2: Base on Balls
|
|
Batting: RHB Fernando Sosa
|
0-0: Ball 1-0: Ball 2-0: Ball 3-0: Called Strike 3-1: Base on Balls Fred Saxton to third Brendan Garoutte to second
|
|
Batting: RHB Carlos Gonzales
|
0-0: Foul Ball, location: 2F 0-1: Ball 1-1: Foul Ball, location: 2F 1-2: SINGLE (Groundball, 6, EV 83.8 MPH) (infield hit) Fred Saxton scores Brendan Garoutte to third Fernando Sosa to second
|
|
Pinch Hitting: LHB David Coatney
|
0-0: Called Strike 0-1: Ball 1-1: Fly out, F9 (Flyball, 9S, EV 90.6 MPH)
|
|
Batting: RHB Brian Spry
|
0-0: Ball 1-0: Called Strike 1-1: Ball 2-1: Foul Ball, location: 2F 2-2: Foul Ball, location: 2F 2-2: Foul Ball, location: 2F 2-2: Strikes out swinging
|
| Top of the 6th over - 1 run, 2 hits, 0 errors, 3 left on base; Orem 3 - Great Falls 5 |
| BOTTOM OF THE 6TH |
|
Great Falls Voyagers batting - Pitching for Orem Owlz : LHP Yee Koh
|
|
Now in LF: Fred Saxton
|
|
|
Now in RF: David Coatney
|
|
|
Batting: RHB Brad Adams Jr.
|
0-0: Ball 1-0: SOLO HOME RUN (Line Drive, 7LD, EV 96.9 MPH), Distance : 349 ft
|
|
Batting: RHB David Cortez
|
0-0: Ball 1-0: Ground out 5-3 (Groundball, 56S, EV 84.4 MPH)
|
|
Batting: RHB Dave Dominguez
|
0-0: Called Strike 0-1: Called Strike 0-2: Strikes out swinging
|
|
Batting: RHB Andy Cotton
|
0-0: Foul Ball, location: 2F 0-1: Foul Ball, location: 2F 0-2: Ball 1-2: Ball 2-2: Ball 3-2: Base on Balls
|
|
Pitching: RHP Dean Aspden
|
|
|
Batting: RHB Enrique Gomez
|
0-0: Foul Ball, location: 2F 0-1: Called Strike 0-2: Strikes out swinging
|
| Bottom of the 6th over - 1 run, 1 hit, 0 errors, 1 left on base; Orem 3 - Great Falls 6 |
| TOP OF THE 7TH |
|
Orem Owlz batting - Pitching for Great Falls Voyagers : LHP Humberto Carrera
|
|
Pitching: RHP Ben Robertson
|
|
|
Batting: LHB Bill Girton
|
0-0: Ball 1-0: Ball 2-0: Ball 3-0: Base on Balls
|
|
Batting: SHB Manuel Martinez
|
0-0: Called Strike 0-1: Foul Ball, location: 2F 0-2: Ball Wild Pitch! Bill Girton to second 1-2: Ball 2-2: Fly out, F9 (Line Drive, 9, EV 107.5 MPH)
|
|
Batting: RHB Shawn Jansen
|
0-0: Called Strike Bill Girton is caught stealing 3rd base 2-5 0-1: Swinging Strike 0-2: Ball 1-2: Foul Ball, location: 2F 1-2: Ground out 5-3 (Groundball, 56, EV 84.4 MPH)
|
| Top of the 7th over - 0 runs, 0 hits, 0 errors, 0 left on base; Orem 3 - Great Falls 6 |
| BOTTOM OF THE 7TH |
|
Great Falls Voyagers batting - Pitching for Orem Owlz : RHP Dean Aspden
|
|
Batting: RHB Russ Cornett
|
0-0: Foul Ball, location: 2F 0-1: Foul Ball, location: 2F 0-2: Ball 1-2: Foul Ball, location: 2F 1-2: Foul Ball, location: 2F 1-2: Foul Ball, location: 2F 1-2: Ball 2-2: Foul Ball, location: 2F 2-2: Ball 3-2: Strikes out swinging
|
|
Batting: RHB Billy Grubbs
|
0-0: Ball 1-0: Called Strike 1-1: Called Strike 1-2: Strikes out swinging
|
|
Batting: RHB Jake Feinstein
|
0-0: Ball 1-0: Ground out 4-3 (Groundball, 4, EV 80.0 MPH)
|
| Bottom of the 7th over - 0 runs, 0 hits, 0 errors, 0 left on base; Orem 3 - Great Falls 6 |
| TOP OF THE 8TH |
|
Orem Owlz batting - Pitching for Great Falls Voyagers : RHP Ben Robertson
|
|
Batting: RHB Fred Saxton
|
0-0: Ball 1-0: Ball 2-0: Called Strike 2-1: Swinging Strike 2-2: Ground out 6-3 (Groundball, 6, EV 108.8 MPH)
|
|
Batting: RHB Brendan Garoutte
|
0-0: Ball 1-0: SINGLE (Groundball, 6M, EV 80.6 MPH) (infield hit)
|
|
Pitching: RHP Mike Brungardt
|
|
|
Batting: RHB Fernando Sosa
|
0-0: Ball 1-0: Grounds into double play, 6-4-3 (Groundball, 6M, EV 103.8 MPH)
|
| Top of the 8th over - 0 runs, 1 hit, 0 errors, 0 left on base; Orem 3 - Great Falls 6 |
| BOTTOM OF THE 8TH |
|
Great Falls Voyagers batting - Pitching for Orem Owlz : RHP Dean Aspden
|
|
Pitching: RHP Jim Sawicki
|
|
|
Batting: RHB Francisco Marin
|
0-0: Ball 1-0: Ball 2-0: Ball 3-0: Base on Balls
|
|
Batting: RHB Brad Adams Jr.
|
0-0: Ball 1-0: Foul Ball, location: 2F 1-1: Ball 2-1: Ball 3-1: Foul Ball, location: 2F 3-2: Foul Ball, location: 2F 3-2: Foul Ball, location: 2F 3-2: Foul Ball, location: 2F 3-2: Base on Balls Francisco Marin to second
|
|
Batting: RHB David Cortez
|
0-0: Called Strike 0-1: Ball 1-1: Swinging Strike 1-2: Foul Ball, location: 2F 1-2: Ball 2-2: Ball 3-2: Base on Balls Francisco Marin to third Brad Adams Jr. to second
|
|
Pitching: RHP Carlos Olbera
|
|
|
Batting: RHB Dave Dominguez
|
0-0: Called Strike 0-1: Ball 1-1: Fly out, F8 (Flyball, 78D, EV 103.1 MPH) Runner from 3rd tags up, OUT at HOME! 8-2 Brad Adams Jr. to third David Cortez to second
|
|
Batting: RHB Andy Cotton
|
0-0: Intentional Walk
|
|
Batting: RHB Enrique Gomez
|
0-0: Ball 1-0: Called Strike 1-1: Ball 2-1: Ground out 5-3 (Groundball, 56, EV 106.2 MPH)
|
| Bottom of the 8th over - 0 runs, 0 hits, 0 errors, 3 left on base; Orem 3 - Great Falls 6 |
| TOP OF THE 9TH |
|
Orem Owlz batting - Pitching for Great Falls Voyagers : RHP Mike Brungardt
|
|
Pitching: LHP Dave Fairn
|
|
|
Batting: RHB Carlos Gonzales
|
0-0: Ball 1-0: Ball 2-0: Ball 3-0: Called Strike 3-1: Base on Balls
|
|
Pinch Hitting: RHB Wilford Harper
|
0-0: Called Strike 0-1: Reached on error, E4 (Groundball, 4, EV 75.6 MPH) Carlos Gonzales to second
|
|
Batting: RHB Brian Spry
|
0-0: Ball 1-0: Ball 2-0: Ball 3-0: Called Strike 3-1: Called Strike 3-2: Base on Balls Carlos Gonzales to third Wilford Harper to second
|
|
Batting: RHB Daniel Molina
|
0-0: Ball 1-0: Called Strike 1-1: Swinging Strike 1-2: Strikes out swinging
|
|
Batting: SHB Manuel Martinez
|
0-0: Called Strike 0-1: Swinging Strike 0-2: Strikes out swinging
|
|
Batting: RHB Shawn Jansen
|
0-0: Ball 1-0: Foul Ball, location: 2F 1-1: Ball 2-1: SINGLE (Groundball, 6MD, EV 101.9 MPH) Carlos Gonzales scores Wilford Harper to third Brian Spry to second
|
|
Batting: RHB Fred Saxton
|
0-0: Swinging Strike 0-1: Ball 1-1: Foul Ball, location: 2F 1-2: Ball 2-2: Ball 3-2: Foul Ball, location: 2F 3-2: Strikes out looking
|
| Top of the 9th over - 1 run, 1 hit, 1 error, 3 left on base; Orem 4 - Great Falls 6 |
|